AoeStats
← Chiripa605

Lombardia

507476651Analyzed
3v3 RM · 13d ago on Sep 18, 2026· 46m 39s· 6 players
Game mode
Random Map
Map size
Normal (6 player)
Population
200
Speed
Normal
Resources
Standard
Victory
Conquest
Starting age
Dark Age
Ending age
Imperial Age
RankedLock teamsTeams togetherTeam positionsShared explorationLock speedFull tech treeHidden civsTurbo modeCheats
Victory
Defeat
🇷🇺 Vietnamese · Russia
1316
+15
🇺🇸 Hindustanis · United States
1289
+16
🇹🇷 Burmese · Türkiye
1285
+17
🇨🇭 Vietnamese · Switzerland
1322
-17
🇨🇭 Magyars · Switzerland
1321
-17
🇨🇭 Khitans · Switzerland
1257
-14
Chiripa605
9:35 Feudal Age
11:15 Double-Bit Axe
11:37 Horse Collar
12:36 Loom
22:28 Castle Age
21:50 Bloodlines
22:03 Scale Barding Armor
23:53 Bow Saw
24:33 Husbandry
27:53 Wheelbarrow
28:34 Chain Barding Armor
32:23 Hand Cart
33:24 Gold Mining
33:25 Stone Mining
35:18 Gold Shaft Mining
40:02 Imperial Age
38:14 Forging
41:20 Plate Barding Armor
40:17 Heavy Camel Rider
42:10 Imperial Camel Rider
43:35 Iron Casting
44:19 Two-Man Saw
46:18 Blast Furnace
45:51 Fortified Wall
47:22 Conscription
Lordzek
1:59 Loom
12:29 Feudal Age
16:48 Castle Age
16:13 Horse Collar
21:24 Heavy Plow
23:51 Scale Barding Armor
23:49 Husbandry
25:00 Padded Archer Armor
26:10 Wheelbarrow
26:30 Fletching
29:46 Chain Barding Armor
30:02 Bodkin Arrow
30:14 Elite Skirmisher
33:31 Imperial Age
34:20 Bracer
36:57 Imperial Skirmisher
39:04 Ballistics
40:55 Manipur Cavalry
40:17 Cavalier
41:16 Caravan
41:45 Bloodlines
41:46 Forging
41:57 Chain Barding Armor
44:11 Crop Rotation
44:18 Plate Barding Armor
45:16 Hand Cart
46:18 Chemistry
AN25
11:02 Feudal Age
11:47 Double-Bit Axe
17:45 Castle Age
16:28 Fletching
17:00 Gold Mining
16:56 Horse Collar
17:58 Crossbowman
19:42 Bow Saw
21:11 Bodkin Arrow
22:49 Padded Archer Armor
25:01 Leather Archer Armor
25:18 Loom
27:08 Wheelbarrow
26:40 Heavy Plow
28:40 Thumb Ring
31:44 Ballistics
35:30 Imperial Age
35:35 Hand Cart
36:14 Bracer
36:45 Ring Archer Armor
37:17 Chemistry
36:14 Arbalester
37:00 Elite Rattan Archer
40:08 Paper Money
41:39 Town Watch
43:11 Scale Mail Armor
43:21 Forging
43:49 Capped Ram
43:58 Elite Fire Lancer
44:39 Squires
44:56 Chain Mail Armor
Indraccovski
5:45 Loom
9:56 Feudal Age
10:32 Double-Bit Axe
11:22 Domestication
14:40 Forging
20:18 Gold Mining
20:36 Scale Barding Armor
22:58 Castle Age
25:42 Bow Saw
25:48 Husbandry
26:26 Iron Casting
26:14 Chain Barding Armor
26:52 Pastoralism
37:10 Wheelbarrow
40:50 Imperial Age
39:03 Stone Mining
40:55 Hand Cart
41:04 Town Watch
42:48 Plate Barding Armor
41:36 Elite Steppe Lancer
William Wallis
6:55 Loom
9:15 Feudal Age
10:07 Double-Bit Axe
10:03 Horse Collar
16:02 Wheelbarrow
16:31 Wheelbarrow
19:32 Castle Age
19:23 Bloodlines
19:05 Fletching
19:15 Padded Archer Armor
19:29 Gold Mining
20:34 Bow Saw
20:47 Bodkin Arrow
25:36 Husbandry
25:52 Leather Archer Armor
26:15 Thumb Ring
30:08 Heavy Plow
30:38 Ballistics
34:25 Imperial Age
33:47 Scale Barding Armor
35:29 Bracer
36:36 Chemistry
38:02 Heavy Cavalry Archer
41:07 Ring Archer Armor
42:03 Recurve Bow
42:24 Conscription
42:07 Town Watch
42:39 Hand Cart
43:33 Two-Man Saw
DonHektor
7:32 Loom
9:23 Feudal Age
10:48 Double-Bit Axe
19:55 Castle Age
19:27 Bloodlines
20:32 Fletching
20:42 Padded Archer Armor
20:33 Horse Collar
21:08 Bow Saw
21:59 Bodkin Arrow
24:38 Leather Archer Armor
31:20 Wheelbarrow
31:35 Ballistics
31:46 Husbandry
37:08 Imperial Age
34:56 Hand Cart
34:27 Town Watch
35:42 Thumb Ring
38:53 Town Patrol
39:43 Heavy Cavalry Archer
40:25 Bracer
40:56 Ring Archer Armor
42:01 Elite Skirmisher
44:14 Chemistry
46:13 Ring Archer Armor
Connection lost

Rejoining the realm…

Still unreachable

The connection could not be restored.

Session expired

The server has moved on; the page needs a fresh start.